cohdb
Replays
Latest Replays
All Replays
Popular Replays
Top Player Replays
Match Explorer
How It Works
Community
CoH3 Stats
Reddit
Sign in to upload your games and track your stats! →
Sign in with Steam
Match 42902766
Unlisted
Match 42902766
Overview
Messages
Build Orders
End
Kradschützen Motorcycle Team
Selects Panzerjäger Kommand Battlegroup
Panzergrenadier Squad
Panzergrenadier Squad
Construct Light Support Kompanie
Fire Support Elements
Selects GrB 39 Grenade Launcher Requisition
Flakvierling Half-track
Vehicle Survival Package
Selects Mine Fields
Panzerjäger Mechanized Group
Panzergrenadier Squad
woof_raff
SHEFF
Voodoo408
Friendly Mouse(Poxie)
骚年翻滚起来
Selphid
Stupor Mundi
goots
0
0
Comments
sign in to comment!
No comments posted yet!